Map: [ESL] Data-C

Players

maru

  • Race: Terran Terran
  • League: Diamond
  • Spawn Location: 9:00

ShoWTimE - Winner!

  • Race: Protoss Protoss
  • League: Master
  • Spawn Location: 3:00

Event: TSL 9

VOD

Have the link to the VOD?

Description

Time

  • Played on: Sept. 4, 2022, 11:38 a.m.
  • Length: 34:32

All games in this series

Show
View Real Time Build Order
Export as new Build Order

maru Terran 

Build Orders:  

Get SALT Encoding   

  12  0:00  SCV  
  13  0:12  SCV  
  14  0:17  Supply Depot  
  14  0:24  SCV  
  15  0:38  SCV  
  15  0:40  Barracks  
  16  0:43  Refinery  
  16  0:50  SCV  
  17  1:02  SCV  
  18  1:15  SCV  
  19  1:26  Marine  
  19  1:28  Orbital Command  
  20  1:39  Command Center  
  20  1:49  Factory  
  20  1:53  SCV  
  21  2:02  Refinery  
  21  2:05  Barracks Reactor, SCV  
  22  2:10  Supply Depot  
  22  2:17  SCV  
  23  2:32  SCV  
  23  2:35  Starport  
  24  2:43  Hellion  
  28  2:44  Hellion  
  28  2:46  SCV  
  28  2:50  Orbital Command  
  29  2:53  Marine  
  29  2:58  SCV  
  31  3:05  Widow Mine x2  
  35  3:10  SCV  
  35  3:11  Marine  
  37  3:14  Medivac  
  37  3:17  SCV  
  40  3:23  Supply Depot  
  40  3:24  SCV  
  41  3:28  Widow Mine  
  43  3:37  SCV x2  
  43  3:40  Widow Mine, Barracks Tech Lab  
  45  3:49  Supply Depot, SCV  
  45  3:53  SCV  
  45  3:55  Viking  
  49  4:01  SCV  
  50  4:05  Widow Mine x2  
  54  4:11  SCV  
  54  4:13  Command Center  
  55  4:20  SCV  
  56  4:25  Stimpack, Marine  
  56  4:31  SCV  
  58  4:33  SCV  
  59  4:41  Supply Depot  
  59  4:43  SCV, Factory Tech Lab  
  59  4:44  Barracks x2  
  59  4:45  SCV  
  61  4:53  Starport Reactor  
  61  4:55  SCV  
  61  4:57  Engineering Bay  
  61  4:58  Engineering Bay  
  62  5:01  Marine  
  62  5:02  SCV  
  62  5:06  Siege Tank  
  65  5:07  SCV  
  65  5:09  Refinery  
  65  5:14  SCV, Refinery  
  67  5:19  SCV  
  68  5:21  Marine  
  68  5:25  Orbital Command  
  68  5:26  SCV  
  70  5:31  SCV  
  70  5:35  Barracks Tech Lab  
  71  5:38  SCV  
  71  5:39  Marine  
  67  5:43  SCV  
  67  5:45  Terran Infantry Armor Level 1, Terran Infantry Weapons Level 1  
  67  5:47  Siege Tank  
  67  5:49  Orbital Command  
  71  5:50  SCV, Marine x2  
  71  5:55  SCV  
  73  5:57  Marine  
  73  5:59  Supply Depot  
  73  6:00  Barracks x2  
  73  6:02  SCV  
  73  6:03  Combat Shield  
  75  6:04  Marine  
  75  6:07  Concussive Shells, Marine, SCV  
  78  6:14  SCV  
  78  6:15  Marine  
  78  6:19  SCV  
  78  6:23  SCV  
  83  6:25  Medivac  
  83  6:26  SCV, Medivac  
  83  6:32  SCV, Marine x4  
  89  6:35  Factory Reactor  
  89  6:36  SCV  
  89  6:37  Supply Depot  
  89  6:38  Supply Depot x2, SCV  
  92  6:44  SCV  
  92  6:48  Barracks Reactor, SCV  
  93  6:57  Armory  
  93  6:58  SCV x2, Medivac x2, Marine x2  
  93  6:59  Marauder x2  
  93  7:01  SCV  
  106  7:02  Supply Depot  
  106  7:07  Marauder  
  108  7:10  SCV x2  
  108  7:13  SCV, Widow Mine  
  108  7:14  Widow Mine  
  115  7:18  Refinery  
  115  7:21  Supply Depot, Marauder  
  115  7:22  Supply Depot x2  
  117  7:23  Refinery  
  117  7:24  SCV x2  
  117  7:25  Ghost Academy  
  117  7:28  Marauder  
  117  7:29  Marauder  
  123  7:32  Marine x2  
  123  7:36  Marine  
  125  7:42  Command Center  
  125  7:43  SCV, Widow Mine x2  
  130  7:48  Missile Turret x2  
  130  7:50  Missile Turret  
  130  7:54  SCV x2  
  130  7:55  SCV  
  130  7:56  Terran Infantry Weapons Level 2  
  133  8:03  Terran Infantry Armor Level 2  
  133  8:04  Ghost  
  133  8:05  Widow Mine x2  
  139  8:07  Ghost  
  139  8:10  Marine x2  
  139  8:11  SCV, Missile Turret  
  144  8:16  Supply Depot  
  144  8:17  Supply Depot  
  144  8:24  Ghost  
  146  8:31  Terran Vehicle Weapons Level 1  
  146  8:33  Ghost  
  148  8:37  SCV  
  148  8:38  SCV x2  
  151  8:42  Supply Depot x2  
  151  8:46  Viking  
  151  8:47  Viking, Command Center  
  153  9:03  Factory Tech Lab  
  153  9:05  SCV x3  
  153  9:06  Factory  
  153  9:09  Enhanced Shockwaves  
  156  9:12  Command Center, Marine  
  156  9:16  Viking  
  159  9:17  Viking, SCV  
  156  9:24  Siege Tank  
  156  9:28  Ghost x2  
  156  9:29  Marine x2  
  156  9:30  Marine  
  166  9:33  SCV  
  166  9:34  SCV x2  
  169  9:38  Missile Turret  
  169  9:45  SCV  
  173  10:00  Factory Tech Lab, Siege Tank  
  168  10:10  Ghost x2  
  168  10:11  Marine x3  
  168  10:13  Planetary Fortress  
  175  10:15  SCV  
  175  10:16  Refinery, SCV x2  
  175  10:17  SCV, Missile Turret  
  175  10:20  Refinery x2  
  179  10:30  Sensor Tower  
  179  10:32  Siege Tank  
  182  10:36  Orbital Command x2  
  182  10:46  Missile Turret  
  182  10:48  Orbital Command  
  182  10:54  Siege Tank  
  182  11:04  Siege Tank  
  182  11:10  Terran Infantry Weapons Level 3  
  178  11:15  Refinery  
  178  11:18  Command Center  
  174  11:21  SCV x2  
  174  11:22  SCV x3  
  172  11:26  Siege Tank  
  172  11:31  Medivac x2  
  177  11:33  SCV  
  177  11:35  Terran Ship Weapons Level 1, Starport  
  177  11:36  Siege Tank  
  177  11:38  SCV  
  182  11:41  Refinery  
  182  11:45  Marauder x2, Marine x3  
  182  11:46  Marauder  
  182  11:49  Marine  
  160  11:57  Orbital Command  
  160  11:58  Siege Tank  
  163  12:03  Marine x3  
  163  12:06  Marine  
  163  12:07  Marauder x3  
  156  12:19  SCV  
  156  12:20  Marine  
  156  12:21  Marine x2  
  160  12:23  Sensor Tower  
  160  12:25  Refinery  
  160  12:26  SCV x4  
  160  12:28  Marauder x3  
  169  12:31  SCV, Marine  
  163  12:37  Orbital Command  
  163  12:38  SCV x2, Marine  
  163  12:41  Siege Tank  
  158  12:45  Medivac x2  
  158  12:46  Marine  
  158  12:49  SCV x3, Marauder  
  158  12:50  Marauder x2  
  158  13:04  Orbital Command  
  146  13:06  Marine x4  
  146  13:10  Ghost  
  146  13:11  Marauder x2  
  153  13:20  Siege Tank  
  153  13:24  Missile Turret, Marine  
  153  13:25  SCV x2  
  160  13:27  SCV x2  
  160  13:28  Terran Vehicle Weapons Level 2  
  160  13:29  Terran Infantry Armor Level 3  
  160  13:31  Ghost  
  160  13:32  Ghost  
  160  13:33  Marine  
  166  13:37  SCV  
  166  13:39  Marine x2  
  166  13:40  Marauder  
  171  13:44  SCV x4  
  172  13:49  SCV  
  172  13:53  Siege Tank  
  148  14:01  Marauder x3  
  147  14:05  Siege Tank  
  147  14:07  Viking x2  
  154  14:11  Marine x2  
  154  14:12  Marine, Orbital Command  
  154  14:15  Command Center  
  157  14:21  Ghost  
  154  14:25  Siege Tank  
  154  14:26  Marine  
  154  14:27  Marauder x2  
  154  14:29  Marine  
  162  14:37  Siege Tank  
  165  14:40  Marine x2  
  165  14:44  Marine  
  165  14:45  Viking  
  170  14:47  Marine, Ghost x2  
  170  14:48  SCV x2  
  170  14:49  Refinery  
  170  14:50  Marine  
  178  14:57  Viking, Siege Tank  
  178  14:58  Marine x2  
  183  15:02  Marine  
  184  15:08  Orbital Command  
  184  15:09  Siege Tank  
  187  15:18  Refinery  
  187  15:30  Siege Tank  
  187  15:32  Missile Turret  
  187  15:34  Missile Turret  
  190  15:41  Siege Tank  
  165  15:47  Marauder, Marine  
  162  15:52  Sensor Tower  
  162  15:54  Liberator x2, Marine x3  
  162  15:55  Marauder x2  
  175  16:02  Siege Tank  
  178  16:04  Marine  
  178  16:09  Marauder  
  181  16:12  Marine  
  181  16:13  Siege Tank  
  181  16:16  Marauder  
  181  16:17  Terran Vehicle Weapons Level 3  
  187  16:23  Orbital Command, Marine x2  
  187  16:24  Marauder  
  191  16:29  Marine, Orbital Command  
  191  16:30  Marauder, Marine  
  194  16:34  Siege Tank  
  194  16:37  Marauder  
  192  16:45  Marauder  
  189  17:09  Planetary Fortress  
  189  17:20  Siege Tank x2  
  189  17:22  Liberator  
  198  17:26  Missile Turret  
  198  17:35  Marauder x2, Marine  
  142  17:44  Marine x2  
  142  17:45  Marauder, Marine  
  147  17:52  Siege Tank  
  147  17:53  Marine  
  147  17:57  Marauder x2  
  147  17:58  Siege Tank  
  158  18:01  Missile Turret  
  158  18:02  Marine x2  
  158  18:03  Marine  
  161  18:06  Marauder  
  161  18:10  Marine  
  164  18:15  Missile Turret  
  164  18:18  Marauder, Marine  
  165  18:20  Missile Turret, Marine x3  
  168  18:28  Marauder  
  169  18:36  Marauder  
  169  18:39  Ghost  
  171  18:43  Marine x3  
  171  18:47  Widow Mine x2  
  176  18:48  Ghost  
  177  18:57  Marauder, Orbital Command  
  179  19:08  Marauder, Marine  
  179  19:09  Marine x3  
  185  19:10  Widow Mine  
  185  19:17  Marauder  
  185  19:19  Marauder  
  185  19:21  Terran Vehicle And Ship Armor Level 1  
  185  19:23  Siege Tank  
  185  19:24  SCV x4  
  195  19:28  Marine x3  
  195  19:30  Refinery  
  193  19:35  Missile Turret, Marine, Orbital Command  
  193  19:36  SCV, Marauder  
  197  19:39  Marauder  
  197  19:40  Marauder  
  197  19:45  Medivac, Marine  
  199  19:49  Orbital Command  
  198  19:56  Missile Turret  
  198  19:57  Marauder  
  193  20:00  Marauder  
  193  20:01  Refinery  
  193  20:02  Refinery, Marauder  
  193  20:06  Command Center  
  197  20:10  Command Center  
  197  20:11  SCV x3  
  191  20:19  SCV, Marauder  
  194  20:23  SCV x3, Siege Tank  
  200  20:47  Marine  
  200  20:48  Marauder x2  
  192  20:59  Marauder, Marine x3  
  192  21:03  Siege Tank x2  
  191  21:05  Marine  
  191  21:09  Marauder x2  
  193  21:16  Marine  
  193  21:17  Missile Turret  
  194  21:21  Marauder  
  194  21:23  Command Center  
  196  21:31  Marauder  
  191  21:33  Unknown  
  191  21:34  Marine x2  
  191  21:35  Marauder, Siege Tank  
  191  21:38  Sensor Tower, Marine x2  
  178  21:42  Marauder  
  178  21:43  Siege Tank  
  161  21:52  Marine x3  
  151  21:56  Marauder, Marine x2  
  151  21:58  Orbital Command  
  155  22:03  Marauder, Planetary Fortress  
  157  22:09  Marine  
  157  22:10  Marine x2  
  157  22:11  SCV  
  157  22:14  Marine  
  162  22:17  Ghost  
  163  22:25  Command Center  
  163  22:27  Ghost  
  163  22:28  Marine x3  
  163  22:29  Marauder  
  152  22:32  Marine  
  133  22:45  Viking x2  
  133  22:46  Marauder  
  133  22:50  Marauder  
  138  22:57  Marauder  
  140  22:59  Factory Tech Lab  
  140  23:00  Orbital Command  
  140  23:07  Marauder  
  140  23:08  Marine  
  140  23:09  Marine x3  
  140  23:12  Marauder  
  148  23:17  SCV x3, Ghost  
  148  23:18  SCV  
  154  23:23  Siege Tank  
  154  23:26  Marine x2  
  154  23:27  Marine  
  159  23:28  Ghost  
  159  23:29  SCV x2  
  159  23:32  Ghost  
  164  23:39  Planetary Fortress  
  163  23:42  SCV  
  163  23:46  Ghost  
  163  23:47  SCV x2  
  163  23:48  Missile Turret  
  168  23:49  Siege Tank  
  167  24:01  Siege Tank  
  168  24:03  SCV  
  168  24:06  Orbital Command  
  168  24:07  Ghost  
  171  24:12  Refinery  
  171  24:14  Refinery  
  171  24:15  Sensor Tower  
  171  24:23  Command Center  
  171  24:24  Ghost  
  173  24:33  Neosteel Armor  
  173  24:43  Marauder x2, Marine x3  
  179  24:53  Ghost  
  179  24:54  Marine  
  182  25:01  Marine x2  
  182  25:04  Ghost  
  183  25:09  Marauder, Marine  
  183  25:11  Marine  
  160  25:19  Marine  
  158  25:22  Marauder, Orbital Command  
  160  25:31  Marauder, Siege Tank  
  165  25:55  Marine  
  165  25:56  Marauder x2  
  131  26:00  Marine  
  128  26:06  Marine  
  119  26:12  Marine  
  119  26:13  Marine, Marauder, Orbital Command  
  123  26:22  Siege Tank  
  123  26:23  Widow Mine  
  119  26:43  SCV x4  
  119  26:46  SCV  
  124  26:58  Missile Turret  
  124  27:06  SCV x2  
  126  27:13  Planetary Fortress  
  126  27:16  SCV  
  127  27:29  Siege Tank  
  130  27:36  Sensor Tower  
  130  27:39  Siege Tank  
  133  27:44  SCV x2  
  133  27:45  SCV  
  133  27:46  SCV  
  137  27:56  SCV  
  138  28:01  Siege Tank  
  138  28:05  Ghost x2  
  141  28:11  Siege Tank  
  141  28:12  SCV  
  149  28:13  SCV  
  150  28:22  SCV  
  150  28:23  Unknown  
  150  28:25  Marine x2  
  153  28:33  Siege Tank  
  156  28:45  Missile Turret  
  156  28:49  Marauder, Marine  
  156  28:50  Marauder  
  152  28:57  Siege Tank  
  146  29:05  Siege Tank  
  137  29:14  Marine  
  137  29:15  Marauder x2, Marine x2  
  131  29:32  Marine  
  131  29:33  Marauder  
  131  29:35  Marine  
  131  29:36  Marauder, Marine  
  137  29:57  Marine x2  
  137  29:58  Marauder  
  105  30:04  Orbital Command  
  105  30:05  Marine x2  
  107  30:15  Marine  
  107  30:31  Siege Tank  
  110  30:39  SCV x4  
  103  30:59  Marauder, Marine x2  
  104  31:06  Ghost  
  106  31:12  Orbital Command  
  106  31:15  SCV x2  
  101  31:34  Siege Tank  
  104  31:42  SCV  
  104  31:47  Siege Tank  
  107  31:55  Ghost  
  107  32:00  SCV x2  
  111  32:08  Missile Turret  
  111  32:22  Siege Tank  
  114  32:32  Marine  
  114  32:33  Marauder  
  114  32:35  Siege Tank  
  114  32:54  Siege Tank  
  104  33:19  Siege Tank  
  100  33:20  Marauder  
  100  33:26  Siege Tank  
  105  33:30  Marine  
  105  33:31  Marauder  
  93  33:34  Marine  
  93  33:35  Marauder  
  93  33:41  Marine  
  94  33:52  Ghost  
Show
View Real Time Build Order
Export as new Build Order

ShoWTimE Protoss - Winner!

Build Orders: 1 Gate Expand, Oracle Opening, Phoenix Opening 

Get SALT Encoding   

  12  0:00  Probe  
  13  0:12  Probe  
  14  0:16  Pylon  
  14  0:24  Probe (Chrono Boost)  
  15  0:36  Gateway, Probe (Chrono Boost)  
  16  0:44  Probe (Chrono Boost)  
  16  0:47  Assimilator  
  17  0:51  Probe  
  18  1:03  Probe  
  19  1:15  Probe  
  20  1:23  Nexus  
  20  1:31  Cybernetics Core  
  20  1:34  Probe  
  20  1:39  Assimilator  
  21  1:46  Probe  
  22  1:50  Pylon  
  22  1:58  Probe  
  23  2:05  Adept (Chrono Boost)  
  25  2:11  Probe  
  25  2:14  Stargate  
  26  2:23  Probe  
  26  2:26  Adept (Chrono Boost)  
  26  2:27  Warp Gate  
  29  2:35  Probe (Chrono Boost)  
  31  2:41  Probe (Chrono Boost)  
  32  2:44  Probe (Chrono Boost)  
  32  2:48  Adept, Probe (Chrono Boost)  
  32  2:49  Probe (Chrono Boost)  
  36  2:59  Oracle (Chrono Boost), Probe  
  36  3:01  Probe  
  41  3:11  Shield Battery, Probe  
  42  3:13  Probe  
  43  3:23  Probe  
  43  3:25  Adept, Probe  
  45  3:29  Pylon  
  45  3:35  Probe  
  45  3:37  Phoenix (Chrono Boost)  
  46  3:42  Gateway  
  46  3:45  Gateway  
  46  3:47  Probe  
  46  3:48  Probe  
  48  3:56  Pylon  
  48  3:59  Phoenix (Chrono Boost), Probe  
  48  4:00  Probe  
  52  4:12  Probe x2  
  52  4:16  Adept  
  56  4:17  Phoenix (Chrono Boost)  
  58  4:24  Pylon  
  58  4:26  Probe  
  59  4:31  Nexus  
  59  4:32  Probe  
  59  4:37  Phoenix (Chrono Boost)  
  62  4:44  Assimilator  
  62  4:45  Probe x2  
  64  4:48  Assimilator  
  64  4:51  Pylon  
  64  4:56  Forge  
  64  4:58  Twilight Council, Probe  
  65  5:00  Probe  
  66  5:10  Probe  
  66  5:12  Probe  
  66  5:13  Phoenix  
  70  5:17  Robotics Facility  
  70  5:21  Protoss Ground Armor Level 1 (Chrono Boost)  
  70  5:22  Probe  
  70  5:24  Probe  
  70  5:25  Sentry  
  74  5:35  Probe  
  75  5:37  Probe (Chrono Boost)  
  75  5:41  Charge (Chrono Boost)  
  74  5:43  Probe (Chrono Boost)  
  77  5:53  Gateway x2, Probe (Chrono Boost)  
  77  5:55  Probe x2 (Chrono Boost)  
  78  5:59  Probe (Chrono Boost)  
  78  6:00  Probe (Chrono Boost)  
  78  6:01  Probe (Chrono Boost)  
  78  6:03  Gateway  
  81  6:05  Gateway  
  81  6:06  Robotics Bay  
  81  6:07  Observer  
  81  6:10  Probe  
  81  6:11  Probe  
  84  6:13  Probe  
  85  6:19  Zealot x3  
  85  6:22  Probe  
  85  6:23  Probe  
  85  6:24  Assimilator  
  85  6:25  Probe  
  89  6:26  Shield Battery  
  89  6:28  Assimilator  
  89  6:30  Pylon  
  89  6:33  Observer (Chrono Boost)  
  89  6:34  Probe  
  89  6:35  Probe  
  89  6:37  Probe, Pylon  
  89  6:39  Pylon  
  93  6:48  Probe x2  
  93  6:51  Colossus (Chrono Boost)  
  95  6:54  Gateway  
  95  6:55  Extended Thermal Lance  
  95  6:57  Gateway  
  95  6:59  Pylon  
  101  7:03  Zealot x3  
  101  7:05  Zealot  
  109  7:11  Templar Archives  
  109  7:15  Pylon  
  109  7:19  Protoss Ground Weapons Level 1 (Chrono Boost)  
  109  7:22  Nexus  
  109  7:28  Observer, Blink  
  109  7:34  Colossus (Chrono Boost)  
  115  7:38  Pylon  
  115  7:45  Shield Battery  
  115  7:47  Pylon  
  115  7:50  Probe x3  
  118  7:55  High Templar x2  
  118  7:56  Zealot x5  
  118  7:58  Observer  
  132  8:00  Archon  
  132  8:04  Probe x3, Pylon  
  135  8:05  Pylon  
  135  8:06  Observer  
  135  8:10  Pylon  
  135  8:16  Probe  
  135  8:18  Colossus (Chrono Boost)  
  136  8:26  Observer, Pylon  
  141  8:29  High Templar x2  
  141  8:30  Zealot x6  
  141  8:34  Archon  
  157  8:37  Robotics Facility  
  157  8:44  Zealot  
  157  8:45  Probe x4  
  163  8:54  Pylon  
  163  8:57  Stalker x2, High Templar x2  
  163  8:58  Stalker x2  
  163  9:02  Archon  
  175  9:03  Nexus  
  175  9:04  Warp Prism (Chrono Boost)  
  177  9:20  Protoss Ground Weapons Level 2 (Chrono Boost)  
  177  9:25  Disruptor  
  177  9:29  Forge  
  177  9:30  Stalker x6  
  192  9:33  Gravitic Drive (Chrono Boost)  
  191  9:38  Probe  
  191  9:39  Probe x3  
  195  9:52  Zealot x2, Gateway  
  199  9:54  Gateway  
  199  9:56  Gateway  
  199  10:01  Protoss Ground Armor Level 2 (Chrono Boost)  
  195  10:09  Disruptor  
  196  10:18  Gateway  
  196  10:22  Disruptor  
  196  10:26  Nexus  
  196  10:28  Pylon  
  197  10:45  Photon Cannon  
  197  10:46  Shield Battery  
  197  10:49  Photon Cannon  
  197  10:50  Disruptor, Photon Cannon  
  197  10:52  Shield Battery  
  198  11:01  Disruptor  
  185  11:10  Zealot, Stalker x5  
  185  11:11  Zealot x5  
  187  11:14  Zealot x2  
  171  11:25  Disruptor  
  171  11:28  Gateway, Probe  
  171  11:29  Probe x2  
  171  11:30  Gateway  
  171  11:32  Zealot x6  
  189  11:33  Zealot x3, Gateway  
  189  11:34  Zealot x2  
  189  11:39  Gateway  
  197  11:41  Gateway  
  169  11:51  Stalker x2  
  158  11:54  Zealot x11  
  158  11:56  Probe  
  158  11:57  Probe x4  
  185  12:04  Disruptor  
  178  12:12  Disruptor  
  157  12:17  Zealot  
  157  12:19  Zealot x12, Dark Shrine  
  183  12:25  Zealot x2  
  187  12:33  Nexus  
  187  12:35  Pylon  
  175  12:39  Disruptor  
  175  12:40  Zealot x9  
  196  12:45  Protoss Ground Weapons Level 3 (Chrono Boost), Protoss Ground Armor Level 3 (Chrono Boost)  
  196  12:50  Zealot x2  
  153  13:06  Zealot x6  
  153  13:07  Zealot x6  
  153  13:10  Probe x3  
  153  13:11  Zealot x2  
  184  13:22  Disruptor (Chrono Boost)  
  184  13:24  Disruptor (Chrono Boost)  
  184  13:28  High Templar x8  
  184  13:31  Archon x2  
  184  13:32  Archon x2  
  184  13:51  Zealot x5  
  184  13:52  Zealot x5  
  154  13:55  Disruptor x2 (Chrono Boost)  
  153  14:05  Stalker x6  
  165  14:11  Probe x4  
  165  14:14  Zealot x11  
  191  14:20  Nexus  
  191  14:23  Pylon  
  169  14:30  Zealot  
  169  14:31  Zealot x6  
  183  14:39  Zealot x8  
  199  14:46  Shadow Stride (Chrono Boost)  
  199  14:56  Nexus  
  199  14:59  Pylon  
  191  15:09  Warp Prism  
  187  15:18  Assimilator x2  
  183  15:28  Dark Templar x8  
  199  15:42  Dark Templar x3  
  158  15:47  Zealot x4  
  158  15:48  Zealot x3  
  151  15:57  Disruptor (Chrono Boost)  
  151  16:02  Zealot x8  
  170  16:07  Zealot  
  170  16:08  Zealot  
  170  16:10  Zealot x5  
  184  16:18  Assimilator x2  
  178  16:20  Disruptor (Chrono Boost)  
  178  16:23  Zealot x10  
  199  16:25  Disruptor (Chrono Boost)  
  159  16:45  Probe  
  159  16:46  Assimilator  
  140  16:47  Zealot x17  
  140  16:48  Assimilator  
  140  16:52  Stalker  
  140  16:53  Disruptor (Chrono Boost)  
  176  16:58  Disruptor (Chrono Boost)  
  180  17:05  Nexus  
  180  17:07  Zealot, Stalker x3  
  180  17:08  Zealot x7  
  198  17:14  Zealot x2  
  200  17:18  Pylon  
  200  17:21  Nexus  
  200  17:23  Pylon  
  186  17:33  Stalker x8  
  144  17:46  Stalker x4  
  144  17:47  Stalker  
  141  17:55  Zealot x4  
  141  17:56  Zealot x2  
  152  17:59  Zealot x5  
  152  18:01  Observer (Chrono Boost)  
  159  18:09  Probe x5  
  162  18:28  Zealot x6, Stalker x4  
  172  18:42  Probe  
  172  18:43  Probe x2  
  172  18:44  Probe  
  172  18:45  Probe  
  172  18:47  Probe  
  178  18:52  Colossus x2 (Chrono Boost)  
  178  18:55  Probe  
  181  19:03  Protoss Shields Level 1 (Chrono Boost)  
  181  19:12  Zealot x5  
  181  19:13  Nexus  
  181  19:16  Pylon  
  189  19:38  Disruptor (Chrono Boost)  
  183  19:42  Zealot x7  
  183  19:43  Zealot  
  190  19:47  Colossus (Chrono Boost)  
  190  19:57  High Templar x4  
  194  20:00  Assimilator  
  194  20:01  Probe  
  194  20:02  Archon, Probe x2, Assimilator  
  194  20:03  Archon  
  194  20:05  Warp Prism (Chrono Boost)  
  197  20:10  Zealot x3  
  199  20:25  Probe  
  200  20:29  Unknown  
  200  20:41  Dark Templar  
  190  20:55  Zealot x6  
  172  21:10  Colossus  
  169  21:13  Nexus  
  169  21:17  Zealot x2  
  169  21:18  Zealot x2  
  177  21:21  Nexus  
  170  21:33  Zealot x12  
  170  21:39  Disruptor (Chrono Boost)  
  159  21:51  Zealot x4  
  159  21:52  Zealot x2  
  151  21:55  High Templar x8  
  151  21:59  Archon x3  
  151  22:00  Archon  
  165  22:01  Probe  
  165  22:02  Probe x2  
  165  22:05  High Templar x4  
  165  22:08  Observer (Chrono Boost)  
  177  22:09  Archon x2  
  177  22:12  Dark Templar  
  177  22:14  Zealot x4  
  141  22:37  Zealot x7  
  121  22:56  Probe x2  
  121  22:57  Probe x3  
  121  22:58  Dark Templar  
  124  23:00  Stalker x3  
  124  23:01  Zealot x3, Stalker x2  
  140  23:06  Stalker x6  
  140  23:10  Probe x3  
  140  23:11  Probe  
  156  23:14  Observer  
  156  23:16  Probe x2  
  156  23:18  Pylon  
  158  23:27  Dark Templar x2  
  158  23:28  Zealot x4  
  158  23:29  Disruptor (Chrono Boost), Zealot x2  
  158  23:30  Disruptor (Chrono Boost)  
  156  23:40  Zealot x6, Stalker x5  
  178  23:43  Probe  
  178  23:44  Probe x3  
  180  23:55  Disruptor (Chrono Boost)  
  178  23:58  Disruptor (Chrono Boost)  
  163  24:06  Dark Templar x4  
  171  24:10  Dark Templar  
  171  24:11  Zealot x2  
  171  24:12  Zealot x5  
  187  24:17  Dark Templar  
  187  24:24  Disruptor  
  187  24:29  Dark Templar  
  192  24:33  Dark Templar  
  194  24:42  Zealot x3  
  200  24:46  Assimilator  
  200  24:47  Assimilator  
  184  24:55  Zealot x10  
  188  25:09  Zealot x7  
  176  25:35  Colossus (Chrono Boost)  
  176  25:36  Nexus, Colossus (Chrono Boost)  
  176  25:39  Pylon  
  188  25:44  Nexus  
  188  25:45  Pylon  
  188  25:48  Dark Templar x5  
  176  25:58  Zealot x11  
  179  26:06  Zealot x2  
  143  26:21  Pylon  
  143  26:23  Stalker x8  
  158  26:34  Nexus  
  150  26:41  Disruptor x2 (Chrono Boost)  
  154  27:06  Nexus  
  154  27:08  Zealot x6, Observer x2 (Chrono Boost)  
  152  27:09  Zealot  
  168  27:21  Stalker x4  
  176  27:31  Disruptor (Chrono Boost), Psionic Storm  
  176  27:32  Disruptor (Chrono Boost)  
  182  27:46  Assimilator  
  182  27:50  Observer, Assimilator  
  182  27:53  High Templar x4, Pylon  
  190  27:59  Observer  
  188  28:11  Pylon  
  188  28:14  Photon Cannon  
  188  28:16  Photon Cannon  
  188  28:17  Observer, Photon Cannon  
  188  28:19  Photon Cannon  
  188  28:20  Shield Battery  
  188  28:21  Shield Battery  
  188  28:22  Observer  
  188  28:23  High Templar  
  188  28:24  High Templar  
  192  28:33  Zealot x5  
  199  28:38  Photon Cannon  
  199  28:49  Zealot  
  181  29:08  Stalker x2  
  175  29:20  Observer (Chrono Boost)  
  175  29:21  Observer (Chrono Boost)  
  175  29:22  Stalker x5  
  175  29:23  Zealot x4  
  183  29:36  Zealot x8  
  183  29:37  Archon  
  185  29:44  Zealot x5  
  173  29:56  Zealot x3  
  173  29:57  Zealot x2  
  120  30:02  Disruptor x2 (Chrono Boost)  
  120  30:06  Stalker x3  
  120  30:07  Stalker x9  
  131  30:16  Stalker  
  130  30:30  Disruptor  
  130  30:32  High Templar x8  
  149  30:41  Nexus  
  147  30:51  Disruptor  
  142  31:03  Dark Templar x3  
  136  31:06  Disruptor  
  138  31:18  Shield Battery  
  138  31:32  Disruptor  
  129  31:41  Disruptor (Chrono Boost)  
  129  31:45  Stalker x4  
  129  31:46  Zealot x2  
  135  32:07  Disruptor (Chrono Boost)  
  135  32:14  Disruptor (Chrono Boost)  
  141  32:23  Nexus  
  138  32:48  Pylon  
  138  32:55  High Templar x4  
  138  32:57  Nexus  
  142  33:20  Zealot x5  
  142  33:26  Archon  
  149  33:39  High Templar x7  
  154  33:54  Observer (Chrono Boost)  
  149  33:57  Zealot x6  
  161  34:13  Zealot x5  
Tags
 
Add a new tag
Caveats
  • Supply blocks, unpowered buildings, or Contaminate may cause inaccurate times.
  • Supply counts are checked every 10 seconds.